 Dungeon Crawl Stone Soup version 0.19-a0-593-gf2cdb02 (webtiles) character file.

116 tyrsky the Ruffian (level 4, -7/39 HPs)
             Began as a Minotaur Monk on June 10, 2016.
             Killed by divine providence
             ... invoked by an orc priest
              (11 damage)
             ... on level 3 of the Dungeon.
             The game lasted 00:02:14 (1298 turns).

tyrsky the Ruffian (Minotaur Monk)                  Turns: 1298, Time: 00:02:15

Health: -7/39      AC:  5    Str: 17    XL:     4   Next: 69%
Magic:  3/3        EV: 13    Int:  7    God:
Gold:   150        SH:  0    Dex: 12    Spells: 0 memorised, 3 levels left

rFire  + . .     SeeInvis .       - Unarmed
rCold  . . .     Gourm    .     a - +0 robe
rNeg   . . .     Faith    .     (no shield)
rPois  .         Spirit   .     (helmet restricted)
rElec  .         Dismiss  .     i - +0 cloak
rCorr  .         Reflect  .     (no gloves)
SustAt .         Harm     .     p - +1 pair of boots
MR     .....                    (no amulet)
Stlth  ++........               (no ring)
                                g - ring of protection from fire

@: drained, not resistant to hostile enchantments, unstealthy
A: retaliatory headbutt, horns 2
a: no special abilities


You were on level 3 of the Dungeon.
You were not hungry.

You visited 1 branch of the dungeon, and saw 3 of its levels.

You collected 150 gold pieces.

Inventory:

Armour
 a - a +0 robe (worn)
 i - a +0 cloak (worn)
 p - a +1 pair of boots (worn)
Jewellery
 g - a ring of protection from fire (left hand)
 r - an uncursed amulet of harm
Scrolls
 c - 2 scrolls of remove curse {unknown}
 d - a scroll of amnesia {unknown}
 e - a scroll of fog {unknown}
 h - a scroll of blinking {unknown}
 j - a scroll of random uselessness {unknown}
 k - a scroll of enchant weapon {unknown}
 o - 3 scrolls of identify {unknown}
Potions
 f - 2 potions of curing {unknown}
 m - 2 potions of lignification {unknown}
 n - 2 potions of might {unknown}
 q - 2 potions of ambrosia {unknown}
Comestibles
 b - 3 bread rations
 l - a meat ration
 s - 2 chunks of flesh
 t - a beef jerky


   Skills:
 - Level 3.6(2.6) Fighting
 + Level 4.4(3.4) Dodging
 + Level 2.7(1.8) Stealth
 + Level 5.2(4.2) Unarmed Combat


You had 3 spell levels left.
You didn't know any spells.

Dungeon Overview and Level Annotations

Branches:
Dungeon (3/15)

Altars:
Ru


Innate Abilities, Weirdness & Mutations

You reflexively headbutt those who attack you in melee.
You have a pair of horns on your head.


Message History

You are too injured to fight recklessly!
You are too injured to fight recklessly!
Sorry, you're not good enough to have a special ability.
You hit the orc. You headbutt the orc.
You kill the orc!
You hit the orc priest.
The orc priest is moderately wounded.
The orc priest hits you with a hand axe!
* * * LOW HITPOINT WARNING * * *
You closely miss the orc priest. You headbutt the orc priest.
The orc priest is moderately wounded.
The orc priest hits you with a hand axe.
* * * LOW HITPOINT WARNING * * *
You hit the orc priest.
The orc priest is severely wounded.
The quokka bites you.
* * * LOW HITPOINT WARNING * * *
The orc priest calls down the wrath of Beogh upon you.
Beogh smites you!
You die...

.... .... ...# .
..# .. #># #...
#.###..... #.
#.o..)#
#..#####.H...#
#.......r##..#
#.###.....l<%.#
#.<...#.....#
...........#.r.....
###..#.....# ....#.
##.............#
....#.###r....(
#####$. ...$..


You could see an orc priest and a quokka.

Vanquished Creatures
  An orc wizard (D:2)
  3 adders
  A worm (D:2)
  2 dart slugs (D:2)
  2 giant geckos (D:1)
  3 orcs (D:3)
  2 giant cockroaches
  4 goblins
  3 hobgoblins
  7 kobolds
  A quokka (D:2)
  3 ball pythons
  7 bats
  7 giant newts
  5 rats
51 creatures vanquished.

Notes
Turn   | Place    | Note
--------------------------------------------------------------
     0 | D:1      | tyrsky the Minotaur Monk began the quest for the Orb.
     0 | D:1      | Reached XP level 1. HP: 19/19 MP: 0/0
   126 | D:1      | Reached XP level 2. HP: 22/26 MP: 1/1
   731 | D:2      | Reached XP level 3. HP: 28/31 MP: 2/2
   884 | D:2      | Found a sacrificial altar of Ru.
   897 | D:2      | Reached skill level 5 in Unarmed Combat
   897 | D:2      | Reached XP level 4. HP: 37/39 MP: 3/3
  1298 | D:3      | Killed from afar by an orc priest

Vault maps used:
D:1:      minmay_arrival_loop, minmay_misc_feat_encased, st_stairs_8
D:2:      nicolae_ru_great_annihilating_truth, first_bread, grunt_ministairs_7
D:3:      lemuel_doored_altar, uniq_sigmund

Skill      XL: |  1  2  3 |
---------------+----------+-----
Stealth        | 2 |  2.7
Dodging        | 4 |  4.4
Unarmed Combat | 5 |  5.2
Fighting       | |  3.6

Action                   |  1- 3 |  4- 6 || total
-------------------------+-------+-------++-------
Melee: Unarmed           |    83 |    44 ||   127
       Headbutt          |     6 |     6 ||    12
       Punch             |     2 |       ||     2
 Stab: Paralysed         |       |     1 ||     1
  Eat: Chunk             |       |     1 ||     1
Armor: Robe              |    24 |    14 ||    38
Dodge: Dodged            |    59 |    25 ||    84
